AoeStats
← Pepe Pig

Arena

510240421Analyzed
3v3 RM · 2d ago on Sep 30, 2026· 51m 41s· 6 players
Game mode
Random Map
Map size
Normal (6 player)
Population
200
Speed
Normal
Resources
Standard
Victory
Conquest
Starting age
Dark Age
Ending age
Imperial Age
RankedLock teamsTeams togetherTeam positionsShared explorationLock speedFull tech treeHidden civsTurbo modeCheats
Victory
Defeat
🇲🇽 Aztecs · Mexico
706
+14
🇲🇽 Chinese · Mexico
696
+15
🇲🇽 Bulgarians · Mexico
606
+19
🇵🇷 Vikings · Puerto Rico
698
-17
🇦🇷 Byzantines · Argentina
666
-16
🇦🇷 Goths · Argentina
638
-15
danielrojaslaw
0:27 Loom
13:03 Feudal Age
13:33 Horse Collar
13:41 Double-Bit Axe
13:52 Gold Mining
18:46 Stone Mining
22:19 Castle Age
20:51 Forging
20:41 Scale Mail Armor
20:51 Scale Barding Armor
23:44 Heavy Plow
23:56 Bow Saw
24:32 Gold Shaft Mining
24:07 Man-at-Arms
24:07 Pikeman
24:48 Squires
24:34 Arson
28:56 Long Swordsman
33:51 Imperial Age
31:30 Chieftains
32:56 Iron Casting
32:36 Chain Mail Armor
32:13 Fletching
32:23 Padded Archer Armor
34:20 Elite Berserk
34:28 Two-Handed Swordsman
36:05 Crop Rotation
36:57 Two-Man Saw
36:04 Capped Ram
36:07 Champion
36:11 Elite Skirmisher
37:43 Crossbowman
37:45 Cavalier
39:19 Conscription
40:31 Bogsveigar
39:58 Arbalester
IlDuce.xX82
0:49 Loom
11:34 Feudal Age
13:31 Wheelbarrow
13:22 Double-Bit Axe
13:20 Horse Collar
20:46 Castle Age
22:43 Caravan
24:22 Gold Mining
31:55 Hand Cart
31:50 Man-at-Arms
34:16 Anarchy
40:44 Bow Saw
40:38 Heavy Plow
44:31 Imperial Age
45:47 Ballistics
46:43 Chemistry
46:49 Crop Rotation
KaiserB
8:36 Loom
12:09 Feudal Age
18:05 Castle Age
19:20 Double-Bit Axe
19:18 Horse Collar
20:34 Bow Saw
24:13 Scale Mail Armor
27:11 Wheelbarrow
26:41 Gambesons
27:30 Fletching
27:53 Crossbowman
29:28 Caravan
29:33 Pikeman
30:22 Man-at-Arms
31:10 Thumb Ring
31:58 Ballistics
31:14 Long Swordsman
31:22 Elite Skirmisher
32:58 Hand Cart
35:05 Fortified Wall
37:36 Imperial Age
38:30 Heavy Plow
39:34 Two-Man Saw
38:21 Cavalier
39:01 Husbandry
40:15 Squires
40:29 Forging
40:18 Halberdier
44:32 Conscription
43:38 Capped Ram
47:11 Chemistry
46:31 Ballistics
48:09 Iron Casting
Lectron
0:31 Loom
12:07 Feudal Age
13:30 Wheelbarrow
12:45 Arson
14:38 Horse Collar
15:20 Double-Bit Axe
22:58 Castle Age
21:52 Forging
21:43 Scale Mail Armor
21:46 Man-at-Arms
23:10 Gold Mining
23:11 Stone Mining
23:54 Squires
26:24 Hand Cart
26:21 Bow Saw
29:10 Iron Casting
33:37 Husbandry
34:24 Gold Shaft Mining
37:30 Chain Mail Armor
43:20 Stone Shaft Mining
44:25 Bloodlines
47:14 Imperial Age
47:41 Elite Fire Lancer
51:03 Heavy Rocket Cart
Marcus12
11:41 Loom
14:19 Feudal Age
16:04 Wheelbarrow
14:59 Man-at-Arms
16:16 Double-Bit Axe
22:03 Castle Age
21:15 Forging
23:21 Hand Cart
22:38 Long Swordsman
26:41 Pikeman
26:46 Elite Skirmisher
28:53 Bow Saw
29:38 Fletching
34:59 Iron Casting
37:29 Scale Mail Armor
37:25 Bodkin Arrow
38:51 Padded Archer Armor
39:15 Ballistics
46:08 Imperial Age
46:29 Atlatl
47:57 Garland Wars
47:03 Two-Handed Swordsman
48:47 Blast Furnace
47:48 Bracer
49:45 Chemistry
Pepe Pig
11:23 Feudal Age
12:19 Double-Bit Axe
12:18 Horse Collar
22:08 Castle Age
20:47 Wheelbarrow
20:12 Gold Mining
23:14 Heavy Plow
23:27 Bow Saw
23:09 Stone Mining
23:56 Gold Shaft Mining
23:50 Town Watch
24:22 Hand Cart
24:04 Pikeman
27:41 Town Patrol
28:51 Loom
35:30 Imperial Age
35:17 Forging
35:14 Scale Barding Armor
36:31 Elite Konnik
37:49 Iron Casting
37:35 Chain Barding Armor
37:21 Halberdier
38:04 Squires
37:53 Gambesons
37:56 Arson
39:19 Blast Furnace
38:23 Scale Mail Armor
44:11 Stirrups
44:20 Bagains
Connection lost

Rejoining the realm…

Still unreachable

The connection could not be restored.

Session expired

The server has moved on; the page needs a fresh start.